 Dungeon Crawl Stone Soup version 0.31-a0-692-gf03d1854d5 (webtiles) character file.

Game seed: 1426517530260509305

440 qw the Shooter (level 7, 0/43 HPs)
             Began as a Gargoyle Hunter on Sept 6, 2023.
             Slain by Blork the orc
             ... wielding a +0 heavy halberd
              (8 damage)
             ... on level 4 of the Dungeon.
             The game lasted 00:01:37 (3217 turns).

qw the Shooter (Gargoyle Hunter)                    Turns: 3217, Time: 00:01:38

Health: 0/43       AC: 12    Str: 19    XL:     7   Next: 2%
Magic:  7/7        EV: 11    Int:  8    God:
Gold:   292        SH:  0    Dex: 14    Spells: 6/6 levels left

rFire   + . .        Y - +0 shortbow
rCold   . . .        (shield currently unavailable)
rNeg    + . .        f - +0 ring mail
rPois   inf          (no helmet)
rElec   +            g - +0 cloak
rCorr   .            (no gloves)
SInv    .            c - +0 pair of boots
Will    .....        (no amulet)
Stlth   +            h - ring of protection from fire
HPRegen 0.27/turn    (no ring)
MPRegen 0.10/turn

%: clarity
@: about to teleport
A: sickness immunity, AC +4, negative energy resistance 1, electricity
resistance, torment resistance 1, petrification resistance, clarity, high MP 1,
strong 1
a: no special abilities


You were on level 4 of the Dungeon.
You visited 1 branch of the dungeon, and saw 5 of its levels.

You collected 292 gold pieces.


Innate Abilities, Weirdness & Mutations

You are immune to sickness and miasma.
Your stone body is resilient. (AC +4)
You are immune to poison.
You resist negative energy. (rN+)
You are resistant to electric shocks. (rElec)
You are resistant to unholy torment.
You are immune to petrification.
You possess an exceptional clarity of mind.
You have an increased reservoir of magic. (+10% MP)
Your muscles are strong. (Str +4, Int/Dex -1)


   Skills:
 - Level 4.0 Fighting
 + Level 7.2 Ranged Weapons
 - Level 2.0 Armour
 - Level 1.5 Dodging
 - Level 1.1 Stealth


You had 6 spell levels left.
You didn't know any spells.
Your spell library was empty.

Inventory:

Hand Weapons
 Y - a +0 shortbow (weapon)
Armour
 c - a +0 pair of boots (worn)
 f - a +0 ring mail (worn)
 g - a +0 cloak (worn)
Jewellery
 h - a ring of protection from fire (left hand)
Scrolls
 i - a scroll of identify
 j - a scroll of teleportation
Potions
 a - 2 potions of mutation
 b - a potion of cancellation
 e - a potion of resistance
 k - a potion of magic {unknown}
 l - a potion of attraction {unknown}

Dungeon Overview and Level Annotations

Branches:
Dungeon (5/15)
 Temple: D:4-7

Altars:
Yredelemnul

Annotations:
D:3 1 runed translucent door
D:4 Blork the orc


Message History

You shoot an arrow.
The arrow hits Robin but does no damage.
Robin is severely wounded.
Robin hits you but does no damage.
You shoot an arrow. The arrow barely misses Robin.
The arrow barely misses the goblin.
Robin roars a battlecry!
The goblin goes into a battle-frenzy!
You shoot an arrow. The arrow hits Robin.
You kill Robin!
You have reached level 7!
You shoot an arrow. The arrow hits the goblin.
You kill the goblin!
Your Armour skill increases to level 2!
You start resting.
A hobgoblin comes into view.
You shoot an arrow. The hobgoblin shouts!
The arrow hits the hobgoblin!
You kill the hobgoblin!
You hear a shout!
You start resting.
Blork the orc comes into view.
He is wielding a +0 heavy halberd.
You shoot an arrow. The arrow barely misses Blork the orc.
Blork the orc barely misses you.
You shoot an arrow. The arrow hits Blork the orc.
Blork the orc is lightly wounded.
You shoot an arrow.
The arrow hits Blork the orc but does no damage.
Blork the orc is lightly wounded.
Blork the orc hits you from afar with a +0 heavy halberd!
3216 ||| READING 2 scrolls of teleportation.
As you read the scroll of teleportation, it crumbles to dust.
You feel strangely unstable.
Blork the orc looks angry.
Blork the orc miscasts a cantrip.
You shoot an arrow. The arrow hits Blork the orc.
Blork the orc is moderately wounded.
Blork the orc hits you from afar with a +0 heavy halberd!
You die...

#### #?#
#.# #.#
###%#
...#######
.........
#)....#
#@# #.#
#o# ..#
#.# #.#
#.# ...


You could see Blork the orc.

Vanquished Creatures
  A water moccasin (D:5)
  Jessica (D:2)
  Ijyb (D:3)
  Natasha (thrice) (D:2)
  Robin (D:4)
  9 adders
  A white imp (D:3)
  3 worms
  2 dart slugs
  6 orcs
  2 ball pythons
  9 endoplasms
  5 giant cockroaches
  15 goblins
  9 hobgoblins
  A jackal (D:2)
  3 kobolds
  3 quokkas
  9 bats
  5 frilled lizards
  A goblin zombie (D:3)
  3 rats
93 creatures vanquished.

Vanquished Creatures (others)
  A ball python (D:4)
1 creature vanquished.

Grand Total: 94 creatures vanquished

Notes
Turn   | Place    | Note
-------+----------+-------------------------------------------
     0 | D:1      | qw the Gargoyle Hunter began the quest for the Orb.
     0 | D:1      | Reached XP level 1. HP: 12/12 MP: 1/1
     0 | D:1      | 0 ||| qw: Version: 0.3-a-76-g4403597
     0 | D:1      | 0 ||| qw: Game counter: 194
     0 | D:1      | 0 ||| qw: Melee chars always use a shield: true
     0 | D:1      | 0 ||| qw: God list: Okawaru
     0 | D:1      | 0 ||| qw: Allow faded altars: false
     0 | D:1      | 0 ||| qw: Do Orc after clearing Dungeon:15 true
     0 | D:1      | 0 ||| qw: Do second Lair branch before Depths: true
     0 | D:1      | 0 ||| qw: Lair rune preference: random
     0 | D:1      | 0 ||| qw: Goals: Normal
     0 | D:1      | 0 ||| PLANNING D:1-11
     3 | D:1      | Noticed an electric eel
     4 | D:1      | Noticed an electric eel
    60 | D:1      | Reached XP level 2. HP: 17/17 MP: 2/2
   647 | D:1      | 647 ||| READING scroll labelled HUSKOED RUANI.
   648 | D:1      | 648 ||| READING scroll labelled APROHO TUL ADA.
   652 | D:1      | 652 ||| READING scroll labelled TAF ONELATSEMP.
   653 | D:1      | 653 ||| READING scroll labelled QIHOIZ ZOACOGU.
   654 | D:1      | 654 ||| READING 2 scrolls labelled SUIXAM QYON.
   655 | D:1      | 655 ||| READING scroll labelled QOISTAMMOTZ.
   656 | D:1      | 656 ||| READING scroll labelled WORELE ELLEEPH.
   757 | D:1      | 757 ||| DRINKING 2 ruby potions.
   758 | D:1      | 758 ||| DROPPING scroll of butterflies.
   870 | D:2      | 870 ||| DRINKING 2 bubbling brown potions.
   870 | D:2      | Gained mutation: You possess an exceptional clarity of
                  | mind. [potion of mutation]
   870 | D:2      | Gained mutation: You have an increased reservoir of magic.
                  | (+10% MP) [potion of mutation]
   870 | D:2      | Gained mutation: Your muscles are strong. (Str +4, Int/Dex
                  | -1) [potion of mutation]
   942 | D:2      | 942 ||| STAIRDANCE
   950 | D:1      | Reached XP level 3. HP: 17/21 MP: 3/3
   978 | D:2      | Reached skill level 5 in Ranged Weapons
  1065 | D:2      | Noticed Jessica
  1070 | D:2      | Killed Jessica
  1071 | D:2      | Reached skill level 3 in Fighting
  1071 | D:2      | Reached XP level 4. HP: 21/28 MP: 4/4
  1170 | D:2      | Noticed Natasha
  1177 | D:2      | 1177 ||| Stepping ~*~*~tactically~*~*~ (retreating).
  1180 | D:2      | 1180 ||| Stepping ~*~*~tactically~*~*~ (retreating).
  1181 | D:2      | Killed Natasha
  1230 | D:2      | Found a faded altar of an unknown god.
  1566 | D:2      | Noticed Natasha
  1574 | D:2      | Killed Natasha
  1575 | D:2      | Reached XP level 5. HP: 15/32 MP: 5/5
  1709 | D:2      | HP: 8/32 [quokka (4)]
  1710 | D:2      | 1710 ||| DRINKING potion of heal wounds.
  1712 | D:2      | Reached skill level 6 in Ranged Weapons
  1820 | D:2      | Noticed Natasha
  1830 | D:2      | Killed Natasha
  1852 | D:2      | 1852 ||| UPGRADING to +0 ring mail.
  1862 | D:2      | 1862 ||| DROPPING +0 leather armour.
  1863 | D:2      | 1863 ||| READING scroll labelled UNLUKIAF PEYHO.
  1864 | D:2      | 1864 ||| READING 4 scrolls of identify.
  1864 | D:2      | 1864 ||| IDENTIFYING smoky green potion
  1865 | D:2      | 1865 ||| READING 3 scrolls of identify.
  1865 | D:2      | 1865 ||| IDENTIFYING fuming orange potion
  1866 | D:2      | 1866 ||| DROPPING potion of brilliance.
  1867 | D:2      | 1867 ||| DROPPING potion of berserk rage.
  1877 | D:3      | 1877 ||| STAIRDANCE
  1887 | D:3      | 1887 ||| STAIRDANCE
  1994 | D:3      | Reached skill level 1 in Armour
  2213 | D:3      | Reached XP level 6. HP: 37/38 MP: 6/6
  2334 | D:3      | Noticed Ijyb
  2349 | D:3      | HP: 9/38 [Ijyb/puff of flame (10)]
  2359 | D:3      | Killed Ijyb
  2439 | D:3      | 2439 ||| FLEEEEING.
  2440 | D:3      | 2440 ||| FLEEEEING.
  2441 | D:3      | 2441 ||| FLEEEEING.
  2442 | D:3      | 2442 ||| FLEEEEING.
  2443 | D:3      | 2443 ||| FLEEEEING.
  2444 | D:3      | 2444 ||| FLEEEEING.
  2662 | D:3      | Found a runed translucent door.
  2662 | D:3      | Noticed a human
  2668 | D:3      | Found a basalt altar of Yredelemnul.
  2773 | D:3      | 2773 ||| UPGRADING to +0 cloak.
  2778 | D:3      | 2778 ||| UPGRADING to ring of protection from fire.
  2779 | D:3      | 2779 ||| DRINKING 2 fizzy dark potions.
  2816 | D:3      | 2816 ||| READING 4 scrolls of identify.
  2816 | D:3      | 2816 ||| IDENTIFYING purple potion
  2817 | D:3      | 2817 ||| READING 3 scrolls of identify.
  2817 | D:3      | 2817 ||| IDENTIFYING lumpy puce potion
  2818 | D:3      | 2818 ||| READING 2 scrolls of identify.
  2818 | D:3      | 2818 ||| IDENTIFYING viscous dark potion
  2819 | D:3      | 2819 ||| DROPPING potion of lignification.
  2820 | D:3      | 2820 ||| DROPPING potion of ambrosia.
  2878 | D:4      | You fall into a shaft and drop 1 floor!
  2878 | D:5      | Entered Level 5 of the Dungeon
  2958 | D:5      | Noticed a water moccasin
  2970 | D:5      | Killed a water moccasin
  2971 | D:5      | Reached skill level 7 in Ranged Weapons
  3101 | D:5      | 3101 ||| UPGRADING to +0 pair of boots.
  3112 | D:5      | 3112 ||| FLEEEEING.
  3113 | D:5      | 3113 ||| STAIRDANCE
  3116 | D:4      | Noticed Robin
  3148 | D:4      | HP: 8/38 [goblin/+3 dagger[Robin] (2)]
  3149 | D:4      | 3149 ||| READING 3 scrolls of teleportation.
  3174 | D:4      | Killed Robin
  3175 | D:4      | Reached XP level 7. HP: 12/43 MP: 7/7
  3212 | D:4      | Noticed Blork the orc
  3215 | D:4      | HP: 7/43 [Blork the orc/+0 heavy halberd (16)]
  3216 | D:4      | 3216 ||| READING 2 scrolls of teleportation.
  3217 | D:4      | Slain by Blork the orc

Levels and vault maps discovered:
D:1:      arrival_aquarium_b, layout_basic, minmay_tetromino_t2
D:2:      minmay_razor_zed, layout_loops_cross,
          ebering_ecumenical_altar_petrified, uniq_natasha, uniq_jessica
D:3:      layout_basic, dk_yredelemnul_ordeal, minivault_4, minmay_between,
          uniq_ijyb
D:4:      layout_loops_ring, kennysheep_mini, hangedman_minor_gate_pass,
          uniq_blork_the_orc, uniq_robin
D:5:      layout_basic, uniq_prince_ribbit1

Skill      XL: |  1  2  3  4  5  6  7 |
---------------+----------------------+-----
Ranged Weapons | 5 6 7 |  7.2
Fighting       | 3 4 |  4.0
Armour         | 1 2 |  2.0
Dodging        | |  1.5
Stealth        | |  1.1

Action                     |  1- 3 |  4- 6 |  7- 9 || total
---------------------------+-------+-------+-------++-------
   Fire: Shortbow          |    78 |   341 |     6 ||   425
    Use: Scroll            |     7 |     7 |     1 ||    15
         Potion            |     2 |     2 |       ||     4
 Armour: Leather armour    |    21 |    47 |       ||    68
         Ring mail         |       |   194 |     2 ||   196
  Dodge: Dodged            |    16 |   185 |     1 ||   202

Table legend:
 A = Non-vault XP
 B = Vault XP
 C = Vault XP percentage of total XP
 D = Non-vault monster count
 E = Vault monster count
 F = Vault count percentage of total count
                 A         B        C        D         E       F
            +---------+---------+-------+---------+---------+-------
      Total |     398 |     231 |  36.7 |      57 |      36 |  38.7
            +---------+---------+-------+---------+---------+-------
        D:1 |      33 |       1 |   2.9 |      18 |       1 |   5.3
        D:2 |     116 |     119 |  50.6 |      13 |      18 |  58.1
        D:3 |      64 |      77 |  54.6 |      18 |       6 |  25.0
        D:4 |      22 |      34 |  60.7 |       5 |      11 |  68.8
        D:5 |     163 |       0 |   0.0 |       3 |       0 |   0.0
            +---------+---------+-------+---------+---------+-------
